 Dungeon Crawl Stone Soup version 0.18-a0-1274-gbbc4967 (console) character file.

51 sorlin the Ruffian (level 3, -1/30 HPs)
             Began as a Ghoul Gladiator on Feb 8, 2016.
             Slain by Sigmund
             ... wielding a +0 scythe
              (4 damage)
             ... on level 2 of the Dungeon.
             The game lasted 00:03:14 (1111 turns).

sorlin the Ruffian (Ghoul Gladiator)                Turns: 1111, Time: 00:03:14

Health: -1/30      AC: 12    Str: 18    XL:     3   Next: 81%
Magic:  2/2        EV:  5    Int:  4    God:
Gold:   11         SH:  0    Dex:  9    Spells: 0 memorised, 2 levels left

rFire  . . .     SeeInvis .       - Unarmed
rCold  + . .     Gourm    .     m - +0 plate armour
rNeg   + + +     Faith    .     (no shield)
rPois  ∞         Spirit   .     b - +0 helmet
rElec  .         Dismiss  .     (no cloak)
rCorr  .         Reflect  .     i - +0 pair of gloves
SustAt .         Harm     .     (no boots)
MR     .....                    (no amulet)
Stlth  ..........               (no ring)
                                (no ring)

@: rotting, not resistant to hostile enchantments, extremely unstealthy
A: rotting body, claws 1, carnivore 3, cold resistance 1, negative energy
resistance 3, slow regeneration 1, torment resistance, unbreathing
a: no special abilities


You were on level 2 of the Dungeon.
You were not hungry.

You visited 1 branch of the dungeon, and saw 2 of its levels.

You collected 11 gold pieces.

Inventory:

Missiles
 c - 3 throwing nets (quivered)
 l - 71 stones
Armour
 b - a +0 helmet (worn)
 i - a +0 pair of gloves (worn)
 m - a +0 plate armour (worn)
Scrolls
 f - a scroll of magic mapping {unknown}
 k - 2 scrolls of identify
 n - a scroll of recharging {unknown}
Potions
 a - a potion of degeneration
 j - a potion of heal wounds {unknown}
Comestibles
 d - 3 meat rations
 g - 11 chunks of flesh
 h - 2 beef jerkies


   Skills:
 + Level 2.9 Fighting
 - Level 1.7 Throwing
 - Level 2.6 Dodging
 * Level 4.6 Unarmed Combat


You had 2 spell levels left.
You didn't know any spells.

Dungeon Overview and Level Annotations

Branches:
Dungeon (2/15)

Altars:

Annotations:
D:2 Sigmund


Innate Abilities, Weirdness & Mutations

Your body is rotting away.
You thrive on raw meat.
You are immune to poison.
You have sharp fingernails.
You are carnivorous and can eat meat at any time.
Your flesh is cold resistant.
You are immune to negative energy.
You regenerate slowly when monsters are visible.
You are immune to unholy pain and torment.
You can survive without breathing.


Message History

You miss something. Something hits you.
You punch something! Something hits you.
You hit something. You miss something. Something hits you but does no damage.
You hit something but do no damage.
Your plate armour prevents you from hitting something.
Something hits you!
* * * LOW HITPOINT WARNING * * *
Read which item? (? for menu, Esc to quit)
As you read the scroll labeled ADDUCE SOESCH, it crumbles to dust.
It is a scroll of identify.
Identify which item? (\ to view known items) (? for menu, Esc to quit)
a - a potion of degeneration Something hits you.
* * * LOW HITPOINT WARNING * * *
Read which item? (? for menu, Esc to quit)
As you read the scroll labeled YDGHODE RIOPP, it crumbles to dust.
Your hands glow dull grey for a moment.
It was a scroll of random uselessness.
Something hits you.
You die...

#........ +....####
#....# ........ #....##
#+#.... #...... #.#...#
#>....# ######.#...#
#.....####.......#)..#
#........#.#.........#
#..{.......#.........#
#...)#...............#
......#.@...............#
..### ###...............#
#................
#...............#
#.#####.........# ....
#.........< ...(..
#.......... #......
##......... +.......
#......#.. #.....
#......#.. #......#[.


There were no monsters in sight!

Vanquished Creatures
  An adder (D:2)
  2 worms (D:2)
  3 ball pythons (D:1)
  5 bats (D:1)
  A giant cockroach (D:1)
  3 goblins
  5 hobgoblins
  2 jackals (D:1)
  4 kobolds
  10 rats
36 creatures vanquished.

Notes
Turn   | Place    | Note
--------------------------------------------------------------
     0 | D:1      | sorlin the Ghoul Gladiator began the quest for the Orb.
     0 | D:1      | Reached XP level 1. HP: 17/17 MP: 0/0
    48 | D:1      | Reached XP level 2. HP: 22/24 MP: 1/1
   213 | D:1      | Reached skill level 4 in Unarmed Combat
   473 | D:1      | Reached XP level 3. HP: 28/30 MP: 2/2
  1094 | D:2      | Noticed Sigmund
  1111 | D:2      | Slain by Sigmund

Vault maps used:
D:1:      onia_arrival_handbag
D:2:      uniq_sigmund

Action                   || total
-------------------------++-------
Melee: Unarmed           ||   146
  Use: Scroll            ||     2
  Eat: Chunk             ||    11
       Pizza             ||     1
